Map: [ESL] Oceanborn

Players

herO - Winner!

  • Race: Protoss Protoss
  • Spawn Location: 11:00

HeroMarine

  • Race: Terran Terran
  • Spawn Location: 5:00

Event: ESL SC2 Masters 2023 Winter (Finals)

VOD

Have the link to the VOD?

Description

Time

  • Played on: Dec. 16, 2023, 11:28 a.m.
  • Length: 8:23

All games in this series

Show
View Real Time Build Order
Export as new Build Order

herO Protoss - Winner!

Build Orders: 1 Gate Expand, Blink Stalkers, Zealot Archon 

Get SALT Encoding   

  12  0:00  Probe  
  13  0:12  Probe  
  14  0:17  Pylon  
  14  0:24  Probe (Chrono Boost)  
  16  0:36  Gateway, Probe (Chrono Boost)  
  16  0:43  Probe (Chrono Boost)  
  16  0:46  Assimilator  
  17  0:50  Probe  
  18  1:03  Probe  
  19  1:15  Probe  
  20  1:23  Cybernetics Core  
  20  1:32  Nexus  
  20  1:38  Pylon  
  20  1:42  Probe  
  21  1:48  Assimilator  
  21  1:54  Probe  
  22  1:56  Adept (Chrono Boost)  
  22  2:00  Warp Gate  
  24  2:07  Probe  
  25  2:19  Adept (Chrono Boost), Probe  
  28  2:22  Twilight Council  
  28  2:31  Probe  
  29  2:42  Adept (Chrono Boost)  
  29  2:43  Probe  
  33  2:44  Probe  
  33  2:51  Gateway  
  33  2:55  Probe  
  33  2:56  Probe  
  33  2:57  Blink (Chrono Boost)  
  35  3:07  Probe  
  35  3:08  Probe  
  37  3:13  Stalker  
  39  3:22  Probe, Pylon  
  39  3:23  Probe  
  39  3:35  Probe x2  
  41  3:41  Robotics Facility, Assimilator  
  41  3:42  Assimilator  
  41  3:47  Stalker  
  43  3:49  Probe x2  
  45  4:00  Stalker  
  47  4:05  Pylon, Probe  
  47  4:06  Probe  
  47  4:17  Probe, Stalker  
  47  4:18  Probe  
  47  4:22  Pylon  
  49  4:24  Stalker  
  49  4:27  Warp Prism (Chrono Boost)  
  49  4:31  Probe x2  
  55  4:36  Shield Battery  
  55  4:37  Pylon  
  55  4:42  Shield Battery  
  55  4:50  Stalker x2  
  59  4:53  Probe  
  59  4:56  Observer  
  59  4:58  Gateway  
  61  5:04  Templar Archives  
  61  5:06  Probe  
  62  5:15  Stalker x2  
  62  5:17  Observer  
  66  5:29  Psionic Storm  
  66  5:33  Probe x2  
  65  5:45  High Templar x2  
  69  5:51  Nexus  
  69  5:58  Pylon  
  69  6:05  Gateway x2, Charge  
  69  6:09  Immortal  
  68  6:13  Gateway x2  
  68  6:21  Pylon  
  72  6:27  High Templar, Gateway  
  74  6:36  Zealot, Forge  
  74  6:39  Shield Battery  
  76  6:41  High Templar, Shield Battery  
  76  6:45  Probe x2  
  80  6:56  Immortal (Chrono Boost)  
  80  6:57  Probe x2  
  86  7:02  Archon  
  86  7:04  High Templar  
  86  7:06  Zealot, Pylon  
  86  7:08  Zealot  
  92  7:10  Probe  
  92  7:11  Probe  
  92  7:15  Observer  
  95  7:22  Probe  
  95  7:23  Probe x2  
  95  7:28  High Templar, Zealot x3  
  105  7:34  Pylon  
  105  7:37  Zealot x2  
  110  7:44  Probe x2  
  110  7:45  Probe  
  112  7:56  Stalker x4  
  120  8:07  Zealot x2  
  120  8:09  Pylon  
  120  8:10  Probe  
  125  8:14  Archon  
Show
View Real Time Build Order
Export as new Build Order

HeroMarine Terran 

Build Orders:  

Get SALT Encoding   

  12  0:00  SCV  
  13  0:12  SCV  
  14  0:17  Supply Depot  
  14  0:24  SCV  
  15  0:38  SCV  
  15  0:39  Barracks  
  16  0:43  Refinery  
  16  0:50  SCV  
  16  0:52  Refinery  
  17  1:02  SCV  
  18  1:14  SCV  
  19  1:27  Orbital Command, Barracks Reactor  
  19  1:28  Supply Depot  
  19  1:45  Factory  
  19  1:53  SCV  
  20  2:03  Reaper x2  
  20  2:05  SCV  
  23  2:17  SCV  
  24  2:25  Command Center  
  24  2:28  Hellion  
  26  2:35  Reaper x2  
  28  2:37  Supply Depot  
  28  2:41  SCV  
  29  2:50  Hellion  
  31  2:58  Starport  
  31  2:59  SCV  
  32  3:07  Marine x2  
  32  3:11  SCV  
  37  3:14  Factory Tech Lab  
  35  3:23  SCV  
  33  3:31  Marine x2  
  32  3:35  SCV  
  32  3:37  Barracks  
  32  3:40  Orbital Command  
  33  3:42  Cyclone  
  33  3:45  Raven  
  37  3:52  Marine x2  
  39  3:56  SCV  
  38  4:06  SCV  
  38  4:08  SCV  
  38  4:10  Marine x2  
  40  4:19  SCV  
  40  4:20  SCV  
  41  4:28  Marine  
  41  4:31  Barracks Tech Lab, SCV  
  43  4:32  SCV  
  43  4:36  Siege Tank  
  47  4:39  Bunker  
  47  4:43  SCV  
  47  4:44  SCV  
  49  4:46  Marine  
  49  4:47  Marine  
  49  4:48  Supply Depot  
  49  4:50  Stimpack  
  51  4:55  SCV  
  51  4:57  SCV  
  53  5:01  Barracks  
  53  5:08  SCV  
  53  5:09  SCV  
  53  5:11  Supply Depot  
  58  5:14  Marine x3  
  58  5:20  SCV  
  62  5:22  SCV  
  59  5:30  Factory Reactor  
  59  5:32  SCV  
  59  5:33  Marine, Marauder  
  59  5:34  SCV, Marine  
  58  5:41  Siege Tank  
  57  5:44  SCV  
  57  5:46  SCV  
  59  5:53  Barracks Tech Lab, Marine x2  
  59  5:54  Marine, Refinery  
  59  5:55  Engineering Bay  
  62  6:04  Starport Reactor  
  62  6:05  Supply Depot  
  62  6:07  Supply Depot  
  62  6:12  Supply Depot  
  62  6:15  SCV  
  62  6:16  Siege Tank, SCV  
  66  6:22  Terran Infantry Weapons Level 1, Refinery  
  65  6:27  SCV  
  65  6:28  SCV  
  65  6:29  Marine x4  
  71  6:39  SCV  
  72  6:40  Medivac  
  72  6:44  Medivac  
  72  6:46  SCV  
  77  6:47  Marine x2  
  77  6:51  SCV  
  77  6:54  Marauder  
  82  6:58  SCV  
  74  7:03  SCV, Marine  
  74  7:05  Marine x2  
  78  7:10  SCV, Medivac  
  78  7:14  Medivac  
  82  7:21  SCV  
  78  7:23  SCV  
  78  7:24  Marine x2  
  81  7:33  SCV  
  81  7:34  Siege Tank  
  81  7:35  SCV  
  85  7:45  SCV  
  85  7:46  Marine x4, Medivac  
  85  7:47  SCV  
  93  8:04  Marine, Supply Depot  
  94  8:07  Supply Depot  
Tags
 
Add a new tag
Caveats
  • Supply blocks, unpowered buildings, or Contaminate may cause inaccurate times.
  • Supply counts are checked every 10 seconds.